 Dungeon Crawl Stone Soup version 0.31.0-1-g2c135a0 (webtiles) character file.

Game seed: 709548667400913650

4223 jagoly the Destroyer (level 10, 0/72 HPs)
             Began as an Octopode Conjurer on Jan 25, 2024.
             Was an Elder of the Shining One.
             Succumbed to a killer bee's poison
             ... on level 9 of the Dungeon.
             The game lasted 00:43:00 (2720 turns).

jagoly the Destroyer (Octopode Conjurer)            Turns: 2720, Time: 00:43:01

Health: 0/72       AC:  1    Str: 10    XL:     10   Next: 30%
Magic:  9/16       EV: 14    Int: 25    God:    the Shining One [****..]
Gold:   506        SH:  0    Dex: 10    Spells: 10/17 levels left

rFire   + . .        a - +7 sling "Death Rattle" {freeze, rF+ Str+3}
rCold   . . .        (no shield)
rNeg    + + +        (helmet restricted)
rPois   .            f - amulet of regeneration
rElec   .            h - ring of positive energy
rCorr   .            v - ring of wizardry
SInv    .            (no ring)
Will    .....        (no ring)
Stlth   ++           (no ring)
HPRegen 1.12/turn    (no ring)
MPRegen 0.15/turn    (no ring)
                     (no ring)

%: wizardry (x1)
@: lethally poisoned (0 -> -16), slowed, glowing, very slow
A: almost no armour, amphibious, 8 rings, camouflage 1, gelatinous body 1,
(nimble swimmer 1), tentacles
a: Renounce Religion, Divine Shield, Cleansing Flame


You were on level 9 of the Dungeon.
You worshipped the Shining One.
The Shining One was greatly pleased with you.
You visited 1 branch of the dungeon, and saw 10 of its levels.
You also visited: Ossuary.

You collected 506 gold pieces.

Inventory:

Hand Weapons
 a - the +7 sling "Death Rattle" (weapon) {freeze, rF+ Str+3}
   (You found it on level 8 of the Dungeon)

   Str+3:     It affects your strength (+3).
   rF+:       It protects you from fire.
 e - a +1 hand axe of flaming
 m - a +4 dagger
 x - a +3 trident
Missiles
 b - 41 stones
 n - 5 curare-tipped darts
 q - 2 throwing nets
 u - 5 poisoned darts
 H - 4 javelins
Magical Staves
 y - a staff of cold
Jewellery
 f - an amulet of regeneration (around mantle)
 h - a ring of positive energy (left tentacle)
 v - a ring of wizardry (right tentacle)
Scrolls
 d - 2 scrolls of teleportation {unknown}
 g - a scroll of silence {unknown}
 i - 2 scrolls of enchant armour
 j - 2 scrolls of fog
 o - 3 scrolls of vulnerability
 r - a scroll of immolation {unknown}
 s - 2 scrolls of blinking
 t - a scroll of noise {unknown}
 w - a scroll of acquirement {unknown}
 B - 2 scrolls of torment {unknown}
 C - a scroll of butterflies {unknown}
 E - a scroll of poison {unknown}
 I - a scroll of revelation {unknown}
Potions
 c - a potion of cancellation {unknown}
 k - a potion of mutation {unknown}
 l - 2 potions of heal wounds {unknown}
 p - 5 potions of curing
 z - 2 potions of haste {unknown}
 A - 2 potions of degeneration {unknown}
 D - a potion of ambrosia {unknown}
 F - a potion of lignification {unknown}
 G - a potion of enlightenment {unknown}
 J - a potion of magic
 K - a potion of might {unknown}


   Skills:
 * Level 8.3 Fighting
 - Level 2.0 Throwing
 + Level 4.2 Dodging
 + Level 4.5 Stealth
 - Level 4.0 Spellcasting
 - Level 10.0 Conjurations
 - Level 4.0 Translocations
 - Level 2.0 Evocations


You had 10 spell levels left.
You knew the following spells:

 Your Spells              Type           Power      Damage    Failure   Level
a - Magic Dart            Conj           100%       1d8       1%          1
b - Iskenderun's Mystic   Conj/Tloc      40%        2d9       1%          4
s - Searing Ray           Conj           100%       2d8       1%          2

Your spell library contained the following spells:

 Spells                   Type           Power      Damage    Failure   Level
 Fulminant Prism          Conj/Alch      15%        3d10      4%          4


Dungeon Overview and Level Annotations

Branches:
Dungeon (10/15) Zot: 26997  Temple (0/1) D:7             Orc (0/2) D:9
Ossuary (visited)
   Lair: D:8-11

Altars:
Ashenzari
Fedhas
Nemelex Xobeh
Ru
Yredelemnul
The Shining One

Shops:
D:4 [

Annotations:
D:7 exclusion: centaur
D:8 2 transporters


Innate Abilities, Weirdness & Mutations

You cannot wear most types of armour.
You are amphibious.
You can wear up to eight rings at the same time.
Your skin changes colour to match your surroundings (Stealth+).
Your rubbery body absorbs attacks. (AC +1, EV +1)
((You are camouflaged when in or above water. (Stealth+)))
You have tentacles for arms and can constrict up to eight enemies at once.


Message History

You shoot a sling bullet.
The sling bullet hits the gargoyle but does no damage.
Fire: a) +7 sling "Death Rattle" {freeze, rF+ Str+3}
Press: ? - help, Q - select action, (/) - cycle Shift-Dir - straight line, f/p - gargoyle
Aim: a gargoyle, wielding a +0 flail (78% to hit)
You shoot a sling bullet. The sling bullet hits the gargoyle.
The sling bullet freezes the gargoyle.
The gargoyle is lightly damaged.
Cast which spell? (? or * to list)
Aiming: Searing Ray (safe; 1% risk of failure)
Press: ? - help, Shift-Dir - straight line, f/p - gargoyle
Aim: a gargoyle, wielding a +0 flail (lightly damaged, haloed, 94% to hit)
The searing ray hits the gargoyle but does no damage.
The gargoyle is lightly damaged. (Press . to maintain the ray.)
The gargoyle hurls a stone arrow at you.
The stone arrow hits you!
The searing ray hits the gargoyle.
The gargoyle is moderately damaged.
The searing ray hits the gargoyle.
The gargoyle is moderately damaged.
The gargoyle hurls a stone arrow at you.
The stone arrow misses you.
The searing ray hits the gargoyle but does no damage.
The gargoyle is moderately damaged.
You finish channelling your searing ray.
Cast which spell? (? or * to list)
Okay, then.
Okay, then.
Unknown command.
Aiming: Mindburst
Press: ? - help, Shift-Dir - straight line, f/p - gargoyle
Aim: a gargoyle, wielding a +0 flail (moderately damaged, haloed, chance to affect: 57%)
Okay, then.
Unknown command.
Unknown command.
Aiming: Mindburst
Press: ? - help, Shift-Dir - straight line, f/p - gargoyle
Aim: a gargoyle, wielding a +0 flail (moderately damaged, haloed, chance to affect: 57%)
The gargoyle resists with significant effort.
Aiming: Mindburst
Press: ? - help, Shift-Dir - straight line, f/p - gargoyle
Aim: a gargoyle, wielding a +0 flail (moderately damaged, haloed, chance to affect: 57%)
The gargoyle's mind is blasted!!
You blow up the gargoyle!
Your Fighting skill increases to level 7!
You have reached level 10!
You feel clever.
Found a leather armour.
An orc comes into view. It is wielding a +0 flail.
There is a stone staircase leading down here.
You shoot a sling bullet. The sling bullet barely misses the orc.
The orc shouts!
You shoot a sling bullet. The sling bullet hits the orc.
The sling bullet freezes the orc.
The orc is moderately wounded.
You shoot a sling bullet. The sling bullet hits the orc!
The sling bullet freezes the orc.
You kill the orc!
You climb downwards.
Found a leather armour and a club.
Found a staircase to the Orcish Mines.
There is a stone staircase leading up here.
Cast which spell? (? or * to list)
Aiming: Searing Ray (safe; 1% risk of failure)
Press: ? - help, Shift-Dir - straight line, f - gnoll
Aim: a gnoll, wielding a +0 club (haloed, 88% to hit)
The searing ray hits the gnoll!
The gnoll is severely wounded.
The searing ray hits the gnoll sergeant.
The gnoll sergeant is lightly wounded.
The gnoll sergeant shouts! (Press . to maintain the ray.)
The gnoll shouts! x2
The gnoll barely misses you.
The searing ray hits the gnoll.
You kill the gnoll!
The gnoll sergeant closely misses you. The gnoll barely misses you.
Cast which spell? (? or * to list)
You erupt in a blast of force!
The mystic blast hits the gnoll sergeant!
The gnoll sergeant is almost dead.
The gnoll sergeant is knocked back by the mystic blast.
The mystic blast hits the gnoll!
The gnoll is severely wounded.
The gnoll is knocked back by the mystic blast.
Cast which spell? (? or * to list)
Aiming: Magic Dart (safe; 1% risk of failure)
Press: ? - help, Shift-Dir - straight line, f - gnoll sergeant
Aim: a gnoll sergeant, wielding a +0 spear and wearing a +0 scale mail (almost dead, 100% to hit)
The magic dart hits the gnoll sergeant.
You kill the gnoll sergeant!
Training target 4.0 for Translocations reached!
Your Translocations skill increases to level 4!
You shoot a sling bullet. The sling bullet hits the gnoll.
The sling bullet freezes the gnoll.
The gnoll is moderately wounded.
The gnoll barely misses you.
You shoot a sling bullet. The sling bullet hits the gnoll.
The sling bullet freezes the gnoll.
You kill the gnoll!
The gnoll hits you from afar with a +0 spear!
The gnoll misses you.
You shoot a sling bullet.
The sling bullet barely misses the gnoll.
The gnoll barely misses you.
You shoot a sling bullet. The sling bullet hits the gnoll!
The sling bullet freezes the gnoll.
You kill the gnoll!
Unknown command.
You open the door.
Found a stone staircase leading up.
There is a staircase to the Orcish Mines here.
There is a stone staircase leading up, spattered with blood here.
You climb upwards.
There is a stone staircase leading down here.
Found 35 gold pieces and a dagger.
Found a sacrificial altar of Ru.
The jumping spider's many legs skitter faintly.
Found four items.
Found a basalt altar of Yredelemnul.
Found a transporter.
The jumping spider changes into a troll!
Press: ? - help, v - describe, . - travel The floor.
This square is lit by a halo.
Unknown command.
The orc warrior shouts!
There is a transporter landing site here.
The killer bee buzzes angrily.
d - 2 scrolls labelled SEPILO SUOGG (gained 1)
The cyclops shouts!
The hog squeals angrily.
Found a transporter.
Found a fizzy white potion.
The troll changes into a harpy!
The harpy changes into a ribbon worm!
The ribbon worm changes into a hornet!
There is a transporter here.
K - a fizzy white potion Magic restored.
There is a stone staircase leading down here.
You climb downwards.
The bullfrog gives a loud, deep croak!
The centaur shouts!
The wyvern hisses angrily.
The bullfrog closely misses you.
The centaur wields a +0 shortbow.
The centaur shoots an arrow.
The arrow hits you!
Found a stone staircase leading down.
There is a stone staircase leading up, spattered with blood here.
Cast which spell? (? or * to list)
You erupt in a blast of force!
The mystic blast hits the wyvern!
The wyvern is heavily wounded.
The mystic blast hits the centaur!
The centaur is heavily wounded.
The centaur is knocked back by the mystic blast.
The mystic blast hits the bullfrog.
The bullfrog is moderately wounded.
The bullfrog is knocked back by the mystic blast.
The bullfrog slams into the stone wall!
The bullfrog is heavily wounded.
The bullfrog barely misses you. The wyvern bites you!
The centaur shoots an arrow.
The arrow hits you! The bullfrog barely misses you. The wyvern bites you.
The centaur shoots an arrow.
The arrow closely misses you.
The arrow misses the bullfrog.
The bullfrog hits you!
* * * LOW HITPOINT WARNING * * *
You climb upwards.
Level annotation: 2 transporters
There is a stone staircase leading down here.
Cast which spell? (? or * to list)
You erupt in a blast of force!
The mystic blast hits the wyvern!
The wyvern is almost dead.
The mystic blast hits the bullfrog!
You kill the bullfrog!
The wyvern barely misses you. The wyvern bites you.
* * * LOW HITPOINT WARNING * * *
Cast which spell? (? or * to list)
Aiming: Searing Ray (safe; 1% risk of failure)
Press: ? - help, Shift-Dir - straight line, f - wyvern
Aim: a wyvern (almost dead, haloed, 87% to hit)
The searing ray hits the wyvern.
You kill the wyvern! (Press . to maintain the ray.) Training target 10.0 for Conjurations reached!
Your Conjurations skill increases to level 10!
There is a stone staircase leading down here.
You climb downwards.
There is a stone staircase leading up here.
You open the door.
Found 12 gold pieces.
There is an open door here.
Found a mace.
A centaur comes into view.
The centaur shouts!
The centaur wields a +0 orcbow.
The centaur shoots an arrow.
The arrow closely misses you.
Psyche the Insane Magess comes into view.
She is wielding a +3 dagger of chaos.
The centaur shoots an arrow.
The arrow closely misses you.
Psyche shouts!
There is an open door here.
You close the door.
Psyche opens the door.
Throw: 6 darts (curare)
Press: ? - help, Shift-Dir - straight line, f - Psyche
Aim: Psyche, wielding a +3 dagger of chaos and wearing a +0 robe (haloed, 73% to hit)
You throw a curare-tipped dart.
The curare-tipped dart barely misses Psyche.
Psyche barely misses you.
Throw: 5 darts (curare)
Press: ? - help, Shift-Dir - straight line, f/p - Psyche
Aim: Psyche, wielding a +3 dagger of chaos and wearing a +0 robe (haloed, 73% to hit)
You throw a curare-tipped dart. The curare-tipped dart hits Psyche.
Psyche is poisoned.
Psyche struggles to breathe.
Psyche seems to slow down.
Psyche is lightly wounded.
Psyche hits you with a +3 dagger of chaos!
Cast which spell? (? or * to list)
You erupt in a blast of force!
The mystic blast hits Psyche!
Psyche is heavily wounded.
Psyche is knocked back by the mystic blast.
You hear a shout! x2
Cast which spell? (? or * to list)
Aiming: Searing Ray (safe; 1% risk of failure)
Press: ? - help, Shift-Dir - straight line, f/p - Psyche
Aim: Psyche, wielding a +3 dagger of chaos and wearing a +0 robe (heavily wounded, very poisoned, slow, haloed, 85% to hit)
The searing ray hits Psyche.
Psyche is severely wounded. (Press . to maintain the ray.)
The searing ray hits Psyche!
You kill Psyche!
Training target 8.0 for Fighting reached!
Your Fighting skill increases to level 8!
You need to enable at least one skill for training.
n - 5 curare-tipped darts (gained 1)
There is an open door here.
A centaur comes into view.
The centaur shouts!
You hear a shout! x3
The centaur wields a +0 orcbow.
The centaur shoots an arrow.
The arrow hits you!
The centaur shoots an arrow.
The arrow closely misses you.
Things that are here:
a +3 dagger of chaos; a +0 robe The centaur shoots an arrow.
The arrow hits you!
There is an open door here.
The centaur shoots an arrow.
The arrow misses you.
You close the door.
A centaur breaks down the door.
The centaur shoots an arrow.
The arrow hits you!
The centaur unwields a +0 orcbow.
The centaur hits you.
* * * LOW HITPOINT WARNING * * *
The centaur closely misses you.
There is a broken door here.
You are too injured to fight recklessly!
Fire: a) +7 sling "Death Rattle" {freeze, rF+ Str+3}
Press: ? - help, Q - select action, (/) - cycle Shift-Dir - straight line, f - centaur
Aim: a centaur (haloed, 91% to hit)
You shoot a sling bullet. The sling bullet hits the centaur!
The sling bullet freezes the centaur.
The centaur is heavily wounded.
The centaur hits you.
* * * LOW HITPOINT WARNING * * *
The centaur kicks you.
* * * LOW HITPOINT WARNING * * *
The centaur closely misses you. The centaur barely misses you.
Fire: a) +7 sling "Death Rattle" {freeze, rF+ Str+3}
Press: ? - help, Q - select action, (/) - cycle Shift-Dir - straight line, f/p - centaur
Aim: a centaur (moderately wounded, haloed, 91% to hit)
You shoot a sling bullet. The sling bullet hits the centaur.
The sling bullet freezes the centaur.
The centaur is severely wounded.
The centaur hits you.
* * * LOW HITPOINT WARNING * * *
The centaur barely misses you. The centaur completely misses you.
The centaur kicks you but does no damage.
Fire: a) +7 sling "Death Rattle" {freeze, rF+ Str+3}
Press: ? - help, Q - select action, (/) - cycle Shift-Dir - straight line, f/p - centaur
Aim: a centaur (severely wounded, haloed, 91% to hit)
You shoot a sling bullet.
The sling bullet completely misses the centaur.
The sling bullet hits the centaur.
The sling bullet freezes the centaur.
The centaur is moderately wounded.
The centaur barely misses you. x2; The centaur hits you.
* * * LOW HITPOINT WARNING * * *
The centaur closely misses you.
Fire: a) +7 sling "Death Rattle" {freeze, rF+ Str+3}
Press: ? - help, Q - select action, (/) - cycle Shift-Dir - straight line, f/p - centaur
Aim: a centaur (severely wounded, haloed, 91% to hit)
You shoot a sling bullet. The sling bullet hits the centaur.
The sling bullet freezes the centaur.
You kill the centaur!
You hear an angry buzzing noise. x2
The centaur shoots an arrow.
The arrow misses you.
A killer bee comes into view.
The centaur shoots an arrow.
The arrow closely misses you.
You hear an angry buzzing noise. x2; You hear a shout! x2
Cast which spell? (? or * to list)
Aiming: Searing Ray (safe; 1% risk of failure)
Press: ? - help, Shift-Dir - straight line The searing ray hits the centaur!
The centaur is severely wounded. (Press . to maintain the ray.)
The killer bee stings you.
* * * LOW HITPOINT WARNING * * *
The searing ray hits the killer bee!
The killer bee is heavily wounded.
The searing ray hits the centaur!
The centaur is almost dead.
The killer bee stings you.
* * * LOW HITPOINT WARNING * * *
A killer bee comes into view.
The killer bee closely misses you.
The killer bee moves out of view.
The searing ray misses the killer bee.
The searing ray hits the centaur.
You kill the centaur!
The killer bee stings you.
* * * LOW HITPOINT WARNING * * *
A killer bee comes into view.
The killer bee barely misses you.
The searing ray hits the killer bee!
You kill the killer bee!
The searing ray hits the killer bee!
The killer bee is heavily wounded.
You finish channelling your searing ray.
The killer bee misses you.
Okay, then.
Unknown command.
Unknown command.
Okay, then.
Aiming: Mindburst
Press: ? - help, Shift-Dir - straight line, f - killer bee
Aim: a killer bee (heavily wounded, haloed, chance to affect: 80%)
Okay, then.
Unknown command.
Unknown command.
Aiming: Mindburst
Press: ? - help, Shift-Dir - straight line, f - killer bee
Aim: a killer bee (heavily wounded, haloed, chance to affect: 80%)
The killer bee's mind is blasted!!
You blow up the killer bee!
The killer bee stings you!
* * * LOW HITPOINT WARNING * * *
Aiming: Mindburst
Press: ? - help, Shift-Dir - straight line, f - killer bee
Aim: a killer bee (haloed, chance to affect: 80%)
The killer bee's mind is blasted!
You hear an angry buzzing noise.
The killer bee stings you.
* * * LOW HITPOINT WARNING * * *
The killer bee stings you!
* * * LOW HITPOINT WARNING * * *
You are poisoned.
The killer bee poisons you!
You are illuminated by a divine halo.
You are mildly poisoned (7 -> 6).
You are glowing.
You have 6 tentacles available for constriction.
Your movement speed is average.
Your attack delay is about 1.4.
Your damage rating with the +7 sling "Death Rattle" {freeze, rF+ Str+3} is about 14 (Base 7 x 100% (Dex) x 113% (Skill) + 7 (Ench)).
Your base attributes are Str 7, Int 25, Dex 10.
Unknown command.
Unknown command.
Unknown command.
Unknown command.
Cast which spell? (? or * to list)
Aiming: Searing Ray (safe; 1% risk of failure)
Press: ? - help, Shift-Dir - straight line, f/p - killer bee
Aim: a killer bee (severely wounded, haloed, 73% to hit)
Okay, then.
Unknown command.
Okay, then.
Unknown command.
Press: ? - help, v - describe, . - travel, g - get item
Here: a killer bee (severely wounded, haloed)
Items here: )) [ ††.
The floor, spattered with blood.
Unknown command.
Unknown command.
Aiming: Mindburst
Press: ? - help, Shift-Dir - straight line, f/p - killer bee
Aim: a killer bee (severely wounded, haloed, chance to affect: 80%)
The killer bee's mind is blasted!
You blow up the killer bee!
You feel sick.
A killer bee comes into view. x2
The killer bee moves out of view.
Aiming: Mindburst
Press: ? - help, Shift-Dir - straight line, f - killer bee
Aim: a killer bee (haloed, chance to affect: 80%)
Okay, then.
Unknown command.
Aiming: Mindburst
Press: ? - help, Shift-Dir - straight line, f - killer bee
Aim: a killer bee (haloed, chance to affect: 80%)
The killer bee's mind is blasted!!
You blow up the killer bee!
You feel sick.
Aiming: Mindburst
Press: ? - help, Shift-Dir - straight line, f - killer bee
Aim: a killer bee (haloed, chance to affect: 80%)
The killer bee barely resists.
You feel sick.
You hear an angry buzzing noise.
The killer bee barely misses you.
You hear a shout! x2
Aiming: Mindburst
Press: ? - help, Shift-Dir - straight line, f/p - killer bee
Aim: a killer bee (haloed, chance to affect: 80%)
The killer bee's mind is blasted!
You feel sick. The killer bee stings you.
The Shining One protects you from harm!
You are more poisoned.
The killer bee poisons you! The killer bee closely misses you.
A killer bee comes into view.
Aiming: Mindburst
Press: ? - help, Shift-Dir - straight line, f/p - killer bee
Aim: a killer bee (heavily wounded, haloed, chance to affect: 80%)
The killer bee's mind is blasted!
You blow up the killer bee!
You feel sick.
Aiming: Mindburst
Press: ? - help, Shift-Dir - straight line, f - killer bee
Aim: a killer bee (haloed, chance to affect: 80%)
The killer bee's mind is blasted!
You feel sick. The killer bee closely misses you.
Aiming: Mindburst
Press: ? - help, Shift-Dir - straight line, f/p - killer bee
Aim: a killer bee (severely wounded, haloed, chance to affect: 80%)
The killer bee's mind is blasted!
You blow up the killer bee!
The now-empty wand crumbles to dust.
You feel sick.
You feel sick.
You feel sick.
You feel sick.
You feel sick.
You are no longer poisoned.
There is a stone staircase leading up here.
You open the door.
Found a stone staircase leading down.
There is an open door here.
Found a scroll labelled DYDOWO VUDDY.
There is a stone staircase leading down here.
A kobold comes into view. It is wielding a +0 short sword.
You are too injured to fight recklessly!
Fire: a) +7 sling "Death Rattle" {freeze, rF+ Str+3}
Press: ? - help, Q - select action, (/) - cycle Shift-Dir - straight line, f - kobold
Aim: a kobold, wielding a +0 short sword (wandering, hasn't noticed you, 60% to hit)
You shoot a sling bullet. The kobold shouts!
The sling bullet hits the kobold!
The sling bullet freezes the kobold.
You kill the kobold!
You hear a shout!
Found a scroll labelled QIPLEMN SITOL.
I - a scroll labelled DYDOWO VUDDY 2 kobolds come into view.
The kobold shouts!
You hear a shout!
A kobold comes into view.
It is wielding a +0 short sword and quivering poisoned darts.
The kobold shouts!
Fire: a) +7 sling "Death Rattle" {freeze, rF+ Str+3}
Press: ? - help, Q - select action, (/) - cycle Shift-Dir - straight line, f - kobold
Aim: a kobold, wielding a +0 dagger (60% to hit)
You shoot a sling bullet. The kobold shouts!
The sling bullet hits the kobold!
The sling bullet freezes the kobold.
You kill the kobold!
You hear a shout!
A kobold comes into view. It is wielding a +0 dagger.
A vampire comes into view.
A kobold brigand comes into view.
It is wielding a +0 club and quivering curare-tipped darts.
The kobold brigand moves out of view.
A kobold comes into view. It is wielding a +0 short sword.
The kobold shouts!
The kobold throws a poisoned dart.
The poisoned dart barely misses you.
You aren't carrying any items that you can evoke.
Unknown command.
Okay, then.
Unknown command.
The kobold throws a poisoned dart.
The poisoned dart misses you.
There is a stone staircase leading down here.
Fire: a) +7 sling "Death Rattle" {freeze, rF+ Str+3}
Press: ? - help, Q - select action, (/) - cycle Shift-Dir - straight line, f - kobold
Aim: a kobold, wielding a +0 short sword and quivering poisoned darts (60% to hit)
You shoot a sling bullet.
The sling bullet closely misses the kobold.
The kobold brigand throws a curare-tipped dart.
The curare-tipped dart hits you.
You are poisoned.
You have difficulty breathing.
* * * LOW HITPOINT WARNING * * *
You feel yourself slow down.
The kobold throws a poisoned dart.
The poisoned dart barely misses you.
You feel extremely sick.
The kobold throws a poisoned dart.
The poisoned dart misses you.
You climb downwards.
You feel very sick.
The killer bee buzzes angrily. x8
Found a flail.
There is a stone staircase leading up here.
You feel very sick.
The killer bee buzzes angrily.
The killer bee stings you.
* * * LOW HITPOINT WARNING * * *
You are more poisoned.
The killer bee poisons you! The killer bee completely misses you.
The killer bee stings you but does no damage.
The killer bee stings you.
* * * LOW HITPOINT WARNING * * *
You are lethally poisoned!
The killer bee poisons you!
You climb upwards.
You die...

#...............K.......#
#.......................###.
@c............K..##.........
#)..).....K...........
#)#.............#....^ #'#
###.##.V....# .... ♣.♣
#..##......# .. ♣.♣
#K...K####.....
#♣#.#♣♣##@#### ....#
♣..<...'..# ###...
#.♣#.#♣♣##.# ..# # ♣.♣ ##.#
.. #### ♣.♣ #...#
#....##'##...##
#....[......# #.......>..##
#.....))<...#


You could see a vampire and 3 kobolds.

Vanquished Creatures
  Pikel (D:8)
  A gargoyle (D:8)
  Psyche (D:9)
  2 wyverns (D:8)
  Edmund (D:5)
  A sky beast (D:7)
  4 ice beasts
  3 ogres (D:5)
  2 centaurs (D:9)
  3 lemures (D:8)
  4 bullfrogs
  2 kobold brigands (D:8)
  2 gnoll sergeants
  A scorpion (D:5)
  5 wights (D:7)
  9 killer bees
  A howler monkey (D:5)
  2 bullfrog zombies (D:7)
  An orc priest (D:5)
  A gnoll bouda (D:8)
  2 hounds
  A jelly (D:7)
  A sleepcap (D:6)
  An iguana (D:6)
  Natasha (D:3)
  2 orc wizards
  8 mummies (Ossuary)
  A howler monkey zombie (D:7)
  10 gnolls
  4 adders
  A shadow imp (D:7)
  2 white imps
  29 orcs
  4 endoplasms
  A giant cockroach (D:2)
  A gnoll zombie (Ossuary)
  5 goblins
  5 hobgoblins
  3 jackals (D:4)
  A quokka (D:3)
  3 ball pythons
  5 bats
  A frilled lizard (D:1)
  A hobgoblin zombie (Ossuary)
  12 kobolds
  3 kobold zombies (Ossuary)
  3 orc zombies (Ossuary)
  A rat (D:3)
159 creatures vanquished.

Notes
Turn   | Place    | Note
-------+----------+-------------------------------------------
     0 | D:1      | jagoly the Octopode Conjurer began the quest for the Orb.
     0 | D:1      | Reached XP level 1. HP: 11/11 MP: 3/3
    24 | D:1      | Found a faded altar of an unknown god.
    31 | D:1      | Prayed at the altar of an unknown god.
    31 | D:1      | Became a worshipper of the Shining One
    31 | D:1      | Reached * piety under the Shining One
    62 | D:1      | Reached XP level 2. HP: 18/18 MP: 0/5
   192 | D:1      | Learned a level 2 spell: Searing Ray
   229 | D:2      | Reached skill level 1 in Fighting
   234 | D:2      | Reached XP level 3. HP: 23/23 MP: 2/6
   381 | D:3      | Reached XP level 4. HP: 16/29 MP: 1/8
   397 | D:3      | Noticed Natasha
   421 | D:3      | Killed Natasha
   618 | D:4      | Found Uguraret's Antique Armour Boutique.
   648 | D:5      | Entered Level 5 of the Dungeon
   661 | D:5      | Reached XP level 5. HP: 23/35 MP: 0/9
   681 | D:5      | Noticed an ice beast
   691 | D:5      | Noticed an ice beast
   696 | D:5      | Noticed an ogre
   754 | D:5      | Noticed an ogre
   924 | D:5      | Killed an ice beast
   925 | D:5      | Reached skill level 5 in Conjurations
   925 | D:5      | Reached XP level 6. HP: 42/42 MP: 3/11
   930 | D:5      | Learned a level 4 spell: Iskenderun's Mystic Blast
   967 | D:5      | Noticed Edmund
   993 | D:5      | Killed Edmund
   994 | D:5      | Reached skill level 1 in Translocations
  1045 | D:5      | Found a sparkling altar of Nemelex Xobeh.
  1073 | D:5      | Reached skill level 6 in Conjurations
  1073 | D:5      | Reached XP level 7. HP: 46/46 MP: 4/13
  1117 | D:5      | Reached skill level 1 in Throwing
  1121 | D:5      | Reached ** piety under the Shining One
  1244 | D:5      | Found a blossoming altar of Fedhas.
  1261 | D:5      | Reached skill level 7 in Conjurations
  1288 | D:5      | Reached XP level 8. HP: 52/52 MP: 2/14
  1453 | D:6      | Reached skill level 8 in Conjurations
  1639 | D:7      | Found a broken altar of Ashenzari.
  1694 | D:7      | Found a sand-covered staircase.
  1709 | Ossuary  | Entered an ossuary
  1727 | Ossuary  | Reached *** piety under the Shining One
  1958 | D:7      | Reached XP level 9. HP: 36/60 MP: 9/15
  2030 | D:7      | Reached skill level 5 in Fighting
  2066 | D:7      | Reached **** piety under the Shining One
  2160 | D:7      | Found a staircase to the Ecumenical Temple.
  2215 | D:8      | Reached skill level 9 in Conjurations
  2247 | D:8      | Identified the +7 sling "Death Rattle" {freeze, rF+ Str+3}
  2449 | D:8      | Noticed Pikel
  2466 | D:8      | Killed Pikel
  2520 | D:8      | Noticed a gargoyle
  2529 | D:8      | Killed a gargoyle
  2530 | D:8      | Reached XP level 10. HP: 59/71 MP: 10/16
  2541 | D:9      | Found a staircase to the Orcish Mines.
  2562 | D:8      | Found a sacrificial altar of Ru.
  2564 | D:8      | Found a basalt altar of Yredelemnul.
  2564 | D:8      | Found a transporter.
  2572 | D:8      | Noticed a cyclops
  2578 | D:8      | Found a transporter.
  2579 | D:8      | a troll changed into a harpy
  2579 | D:8      | Noticed a harpy (shapeshifter)
  2588 | D:8      | a harpy changed into a ribbon worm
  2629 | D:8      | Reached skill level 10 in Conjurations
  2649 | D:9      | Noticed Psyche
  2661 | D:9      | Killed Psyche
  2683 | D:9      | The Shining One protects you from harm!
  2718 | D:10     | Entered Level 10 of the Dungeon
  2720 | D:9      | Succumbed to a killer bee's poison

Illustrated notes

Levels and vault maps discovered:
D:1:      elethiomel_arrival_quiet, layout_loops_ring,
          chequers_ecumenical_altar_simple_redux
D:2:      layout_rooms
D:3:      layout_rooms, minitemple, uniq_natasha
D:4:      layout_basic, serial_shops, nicolae_shop_tiny_statue_garden
D:5:      layout_loops_ring, nemelex_diamond_rough_becter,
          overflow_temple_1_default, serial_glass, glass_columns_a,
          glass_columns_c, glass_columns_a, glass_columns_b, uniq_edmund
D:6:      layout_basic, ebering_ghost_rock_garden
D:7:      hellmonk_ruined_rings, layout_loops_corners, evilmike_ruin_ashenzari,
          temple_statues, serial_undead, serial_undead_f, serial_undead_e,
          serial_undead_e, serial_undead_d, nicolae_ossuary_entry_ruins
D:8:      layout_rooms, gammafunk_temple_overflow_arena,
          kennysheep_cluttered_room, uniq_pikel
D:9:      layout_rooms, grunt_qazlal_clouds, orc_0_dummy, serial_shops,
          nicolae_shop_tiny_glass, grunt_ministairs_7, kennysheep_small_circle,
          uniq_psyche
D:10:     layout_roguey, amcnicky_altar_gilded, slow_altar_1,
          nicolae_trove_entry_free_sample

Skill      XL: |  1  2  3  4  5  6  7  8  9 10 |
---------------+-------------------------------+-----
Stealth        | 3 4 |  4.5
Fighting       | 1 2 3 4 7 8 |  8.3
Spellcasting   | 3 4 |  4.0
Conjurations   | 5 6 7 8 9 10 | 10.0
Translocations | 2 3 4 |  4.0
Throwing       | 1 2 |  2.0
Dodging        | 4 |  4.2
Evocations     | 2 |  2.0

Action                     |  1- 3 |  4- 6 |  7- 9 | 10-12 || total
---------------------------+-------+-------+-------+-------++-------
  Melee: Unarmed           |    16 |       |       |       ||    16
         Tentacles         |     7 |     3 |    22 |       ||    32
         Constrict         |     9 |     5 |    26 |       ||    40
         Hand axe          |    21 |    19 |    80 |       ||   120
         Punch             |       |       |     1 |       ||     1
   Fire: Sling             |       |       |    27 |    14 ||    41
  Throw: Stone             |     3 |     1 |    26 |       ||    30
         Dart              |       |     4 |     4 |     2 ||    10
   Cast: Magic Dart        |    18 |    19 |    18 |     1 ||    56
         Searing Ray       |     1 |    12 |    35 |     4 ||    52
         Iskenderun's Myst |       |       |     2 |     4 ||     6
 Invoke: Divine Shield     |       |     1 |       |       ||     1
  Evoke: Wand              |       |       |     5 |     9 ||    14
    Use: Scroll            |       |       |     5 |       ||     5
   Stab: Sleeping          |     1 |       |       |       ||     1
 Armour: Skin              |    17 |    12 |    66 |    27 ||   122
  Dodge: Dodged            |    28 |    12 |    84 |    37 ||   161
